 Dungeon Crawl Stone Soup version 0.23.0 (webtiles) character file.

Game seed: 8097928628053705214

15 Monsterracer the Sneak (level 2, 0/13 HPs)
             Began as a Spriggan Enchanter on Feb 15, 2019.
             Slain by a leopard gecko (4 damage)
             ... on level 1 of the Dungeon.
             The game lasted 00:01:21 (461 turns).

Monsterracer the Sneak (Spriggan Enchanter)          Turns: 461, Time: 00:01:22

Health: 0/13       AC:  2    Str:  4    XL:     2   Next: 34%
Magic:  0/7        EV: 17    Int: 16    God:
Gold:   9          SH:  0    Dex: 16    Spells: 4/7 levels left

rFire    . . .     SeeInvis +   a - +1 dagger
rCold    . . .     Gourm    .   (shield restricted)
rNeg     . . .     Faith    .   b - +0 robe
rPois    .         Spirit   .   (helmet restricted)
rElec    .         Reflect  .   (no cloak)
rCorr    .         Harm     .   (gloves unavailable)
MR       +....                  (boots unavailable)
Stlth    ++........             (no amulet)
HPRegen  0.04/turn              M - ring of protection from magic {!d}
MPRegen  0.10/turn              d - +1 ring of slaying

@: very slightly contaminated, heavily drained, very quick
A: very small, unfitting armour, see invisible, herbivore, speed 3, slow
metabolism 2
a: no special abilities


You were on level 1 of the Dungeon.
You were not hungry.

You visited 1 branch of the dungeon, and saw 1 of its levels.

You collected 9 gold pieces.

Inventory:

Hand Weapons
 a - a +1 dagger (weapon)
Armour
 b - a +0 robe (worn)
Jewellery
 d - a +1 ring of slaying (right hand)
 M - a ring of protection from magic (left hand) {!d}
Scrolls
 f - a scroll of remove curse {unknown}
 g - a scroll of amnesia {unknown}
 h - a scroll of teleportation {unknown}
Potions
 e - a potion of flight {unknown}
 i - a potion of curing {unknown}
Comestibles
 c - 3 rations


   Skills:
 + Level 1.5(0.1) Short Blades
 - Level 3.0(1.5) Dodging
 + Level 4.7(3.2) Stealth
 * Level 3.2(1.7) Spellcasting
 + Level 3.8(2.3) Hexes


You had 4 spell levels left.
You knew the following spells:

 Your Spells              Type           Power        Failure   Level  Hunger
b - Ensorcelled Hibernat  Hex/Ice        #.....       21%         2    ###....
j - Corona                Hex            #......      9%          1    ##.....

Your spell library contained the following spells:

 Spells                   Type           Power        Failure   Level  Hunger
 Confuse                  Hex            #.......     24%         3    ####...
 Tukima's Dance           Hex            #.......     24%         3    ####...
 Dazzling Spray           Conj/Hex       #.....       36%         3    ####...


Dungeon Overview and Level Annotations

Branches:
Dungeon (1/15)

Altars:


Innate Abilities, Weirdness & Mutations

You are very small and have problems with some larger weapons.
You are too small for most types of armour.
You have supernaturally acute eyesight. (SInv)
You are a herbivore.
You cover ground extremely quickly.
You need to consume almost no food.


Message History

You start memorising the spell.
You continue memorising. x2
You finish memorising.
Spell assigned to 'b'.
Magic restored.
Key pressed, stopping explore.
h - a scroll labeled KIP MUOXZU Health restored: 13; MP restored: 7 A hobgoblin comes into view.
A hobgoblin is nearby!
The hobgoblin shouts!
You hear a shout!
A bat and a goblin come into view.
The goblin shouts!
You hit the hobgoblin.
The hobgoblin is moderately wounded.
The hobgoblin barely misses you.
You barely miss the hobgoblin.
The hobgoblin is moderately wounded.
The hobgoblin misses you.
You hit the hobgoblin.
The hobgoblin is almost dead.
The hobgoblin misses you.
You hit the hobgoblin.
You kill the hobgoblin!
You closely miss the goblin. The goblin misses you.
You hit the goblin.
The goblin is severely wounded.
The goblin hits you.
You take 2 damage, and have 11/13 hp.
You hit the goblin.
You kill the goblin!
Unknown command.
The bat is too close now for your liking.
A bat is nearby!
Health restored: 13 The bat barely misses you.
You hit the bat.
You kill the bat!
No target in view!
No target in view!
No target in view!
i - a pink potion
Found a scale mail.
No target in view!
You see here a scale mail.
A leopard gecko comes into view.
The leopard gecko hisses angrily.
A leopard gecko is nearby!
The leopard gecko bites you.
You take 4 damage, and have 9/13 hp.
MASSIVE DAMAGE!!
You are too injured to fight recklessly!
Casting: Corona (safe; 9% risk of failure)
Confirm with . or Enter, or press ? or * to list all spells.
You don't know that spell.
Casting: Corona (safe; 9% risk of failure)
Confirm with . or Enter, or press ? or * to list all spells.
Aiming: Ensorcelled Hibernation (safe; 21% risk of failure)
Press: ? - help, Shift-Dir - straight line, f - leopard gecko
Aim: a leopard gecko (clinging, chance to defeat MR: 54%)
The leopard gecko resists with significant effort.
The leopard gecko closely misses you.
You now have 5/7 mp.
Casting: Ensorcelled Hibernation (safe; 21% risk of failure)
Confirm with . or Enter, or press ? or * to list all spells.
Aiming: Ensorcelled Hibernation (safe; 21% risk of failure)
Press: ? - help, Shift-Dir - straight line, f/p - leopard gecko
Aim: a leopard gecko (clinging, chance to defeat MR: 54%)
You miscast Ensorcelled Hibernation.
You are very lightly contaminated with residual magic.
Nothing appears to happen.
The leopard gecko closely misses you. The leopard gecko misses you.
You now have 3/7 mp.
Casting: Ensorcelled Hibernation (safe; 21% risk of failure)
Confirm with . or Enter, or press ? or * to list all spells.
Aiming: Ensorcelled Hibernation (safe; 21% risk of failure)
Press: ? - help, Shift-Dir - straight line, f/p - leopard gecko
Aim: a leopard gecko (clinging, chance to defeat MR: 54%)
You miscast Ensorcelled Hibernation.
A chill runs through your body. The leopard gecko misses you.
You now have 1/7 mp.
You hit the leopard gecko.
The leopard gecko is lightly wounded.
The leopard gecko bites you.
* * * LOW HITPOINT WARNING * * *
You take 4 damage, and have 5/13 hp.
MASSIVE DAMAGE!!
Unknown command.
Casting: Ensorcelled Hibernation (safe; 21% risk of failure)
Confirm with . or Enter, or press ? or * to list all spells.
Aiming: Corona (safe; 9% risk of failure)
Press: ? - help, Shift-Dir - straight line, f/p - leopard gecko
Aim: a leopard gecko (lightly wounded, clinging, chance to defeat MR: 61%)
The leopard gecko struggles to resist.
The leopard gecko closely misses you.
You now have 0/7 mp.
You hit the leopard gecko but do no damage.
The leopard gecko is lightly wounded.
The leopard gecko barely misses you.
You barely miss the leopard gecko.
The leopard gecko is lightly wounded.
The leopard gecko bites you.
* * * LOW HITPOINT WARNING * * *
The leopard gecko bites you.
You die...

########################
.....)..........@l......
######...###############
######(..########
(....'..........#
######...######.## #...#
#..# ### #...# ##.# ..#
#...#######.# ..#
#.........#.##


You could see a leopard gecko.

Vanquished Creatures
  A dart slug (D:1)
  2 hobgoblins (D:1)
  2 kobolds (D:1)
  2 bats (D:1)
  A frilled lizard (D:1)
  3 goblins (D:1)
  2 rats (D:1)
13 creatures vanquished.

Notes
Turn   | Place    | Note
-------+----------+-------------------------------------------
     0 | D:1      | Monsterracer the Spriggan Enchanter began the quest for the
                  | Orb.
     0 | D:1      | Reached XP level 1. HP: 9/9 MP: 5/5
   216 | D:1      | Reached XP level 2. HP: 13/13 MP: 4/7
   230 | D:1      | Learned a level 2 spell: Ensorcelled Hibernation
   458 | D:1      | HP: 5/13 [leopard gecko (4)]
   461 | D:1      | Slain by a leopard gecko

Skill      XL: |  1 |
---------------+----+-----
Spellcasting   | 3 |  3.2
Short Blades   | |  1.5
Dodging        | |  3.0
Stealth        | |  4.7
Hexes          | |  3.8

Action                   || total
-------------------------++-------
Melee: Dagger            ||    44
 Cast: Corona            ||     3
       Ensorcelled Hiber ||     1
 Stab: Sleeping          ||     2
Armor: Robe              ||     5
Dodge: Dodged            ||    36

Levels and vault maps discovered:
D:1:      elethiomel_arrival_infinity_welcomes_careful_drivers, layout_basic,
          lemuel_another_geyser
